 Dungeon Crawl Stone Soup version 0.21-a0-625-g1119ec1 (webtiles) character file.

50 tidbits the Insei (level 3, 25/28 HPs)
             Began as a Gnoll Transmuter on Dec 24, 2017.
             Quit the game on level 3 of the Dungeon.
             The game lasted 00:02:39 (375 turns).

tidbits the Insei (Gnoll Transmuter)                 Turns: 375, Time: 00:02:40

Health: 25/28      AC:  2    Str: 12    XL:     3   Next: 79%
Magic:  0/9        EV: 14    Int: 16    God:
Gold:   61         SH:  0    Dex: 15    Spells: 6/12 levels left

rFire    . . .     SeeInvis .   j - -3 hand axe (curse)
rCold    . . .     Gourm    .   (no shield)
rNeg     . . .     Faith    .   b - +0 robe
rPois    .         Spirit   +   (no helmet)
rElec    .         Reflect  .   (no cloak)
rCorr    .         Harm     .   (no gloves)
MR       .....                  (no boots)
Stlth    ++........             h - amulet of guardian spirit
HPRegen  0.09/turn              (no ring)
MPRegen  0.11/turn              (no ring)

@: no status effects
A: distributed training, fangs 1, strong nose
a: no special abilities


You were on level 3 of the Dungeon.
You were not hungry.

You visited 1 branch of the dungeon, and saw 3 of its levels.

You collected 61 gold pieces.

Inventory:

Hand Weapons
 j - a cursed -3 hand axe (weapon)
Missiles
 a - 42 arrows
 g - 27 stones (quivered)
Armour
 b - a +0 robe (worn)
Magical Staves
 i - an uncursed staff of cold {unknown}
   (You found it on level 2 of the Dungeon)
Jewellery
 h - an amulet of guardian spirit (around neck)
   (You found it on level 3 of the Dungeon)
Potions
 e - a potion of heal wounds {unknown}
 f - a potion of curing {unknown}
Books
 c - a book of Changes

   Spells                             Type                      Level
   a - Beastly Appendage              Transmutation                1
   b - Sticks to Snakes               Transmutation                2
   c - Spider Form                    Transmutation/Poison         3
   d - Ice Form                       Ice/Transmutation            4
   e - Blade Hands                    Transmutation                5
Comestibles
 d - 2 rations


   Skills:
 + Level 2.6 Fighting
 + Level 0.9 Short Blades
 + Level 0.9 Long Blades
 + Level 0.9 Axes
 + Level 0.9 Maces & Flails
 + Level 0.9 Polearms
 + Level 0.9 Staves
 + Level 0.9 Slings
 + Level 0.9 Bows
 + Level 0.9 Crossbows
 + Level 0.9 Throwing
 + Level 0.9 Armour
 + Level 4.5 Dodging
 + Level 0.9 Stealth
 + Level 0.9 Shields
 + Level 6.5 Unarmed Combat
 + Level 5.0 Spellcasting
 + Level 0.6 Conjurations
 + Level 0.6 Hexes
 + Level 0.6 Charms
 + Level 0.6 Summonings
 + Level 0.6 Necromancy
 + Level 0.6 Translocations
 + Level 3.8 Transmutations
 + Level 0.6 Fire Magic
 + Level 0.6 Ice Magic
 + Level 0.6 Air Magic
 + Level 0.6 Earth Magic
 + Level 0.6 Poison Magic
 + Level 1.0 Invocations
 + Level 0.9 Evocations


You had 6 spell levels left.
You knew the following spells:

 Your Spells              Type           Power        Failure   Level  Hunger
e - Beastly Appendage     Tmut           ###...       3%          1    None
k - Sticks to Snakes      Tmut           ###.....     4%          2    #......
p - Spider Form           Tmut/Pois      ##........   19%         3    ###....


Dungeon Overview and Level Annotations

Branches:
Dungeon (3/15)

Altars:


Innate Abilities, Weirdness & Mutations

Your experience applies equally to all skills.
You have very sharp teeth.
Your uncanny sense of smell can sniff out nearby items.


Message History

The leopard gecko closely misses you.
You kill the leopard gecko!
There is a stone staircase leading down here.
You climb downwards.
There is a stone staircase leading up here.
Found a scroll labeled COWNIOSHRUTA.
You now have 33 gold pieces (gained 11).
There are no items here.
Found a whip.
h - a scroll labeled COWNIOSHRUTA
Found 16 stones.
Found 14 gold pieces.
You now have 47 gold pieces (gained 14).
Found an escape hatch in the ceiling.
Found a stone staircase leading down.
Found a curved runed staff.
You see here a curved runed staff.
i - a curved runed staff
Found a glowing hand axe.
You see here a glowing hand axe.
j - a glowing hand axe Wield which item (- for none, * to show all)? (? for menu, Esc to quit)
You don't have any such object.
Wield which item (- for none, * to show all)? (? for menu, Esc to quit)
Okay, then.
Wield which item (- for none, * to show all)? (? for menu, Esc to quit)
It sticks to your hand!
j - a cursed -3 hand axe (weapon)
As you read the scroll labeled COWNIOSHRUTA, it crumbles to dust.
You feel aware of your surroundings.
You sensed 1 altar.
It was a scroll of magic mapping.
A bat comes into view.
Found a ration.
A bat comes into view.
The bat closely misses you. The bat hits you but does no damage.
Casting: Spider Form
Confirm with . or Enter, or press ? or * to list all spells.
You grow a pair of large bovine horns.
The bat misses you.
Casting: Beastly Appendage
Confirm with . or Enter, or press ? or * to list all spells.
Your horns disappear.
You turn into a venomous arachnid creature.
Your cursed -3 hand axe melds into your body.
Your +0 robe melds into your body.
The bat misses you. The bat closely misses you. The bat completely misses you.
You hit the bat.
You kill the bat!
You see here a bat corpse.
Found a hunting sling.
You see here a ration.
d - 2 rations (gained 1)
Your transformation is almost over.
The bat hits you but does no damage. The bat completely misses you.
You hit the bat.
You kill the bat!
Your transformation has ended.
Your cursed -3 hand axe unmelds from your body.
Your +0 robe unmelds from your body.
Found a robe.
Found a stone staircase leading down.
Found an escape hatch in the floor.
There is a stone staircase leading down here.
Found 6 gold pieces.
A quokka comes into view.
The quokka bites you.
You closely miss the quokka. The quokka barely misses you.
Casting: Spider Form
Confirm with . or Enter, or press ? or * to list all spells.
You turn into a venomous arachnid creature.
Your cursed -3 hand axe melds into your body.
Your +0 robe melds into your body.
The quokka closely misses you.
You bite the quokka!
You kill the quokka!
Unknown command.
Your transformation is almost over.
You now have 53 gold pieces (gained 6).
There are no items here.
Your transformation has ended.
Your cursed -3 hand axe unmelds from your body.
Your +0 robe unmelds from your body.
There is a stone staircase leading down here.
You climb downwards.
You hear the sound of rushing water.
There is an entrance to a sewer on this level.
Hurry and find it before the portal rusts away!
Found 8 gold pieces.
There is a stone staircase leading up here.
Found a dented brass amulet.
Found a stone staircase leading up.
You now have 61 gold pieces (gained 8).
An adder comes into view.
An orc comes into view. It is wielding a hand axe.
The orc shouts!
You hear a shout!
You see here a dented brass amulet.
h - a dented brass amulet Put on which piece of jewellery? (? for menu, Esc to quit)
You feel your power drawn to a protective spirit.
h - an amulet of guardian spirit (around neck)
The adder hisses angrily.
The adder bites you but does no damage.
Are you sure you want to abandon this character and quit the game? (Confirm with "yes".)

###... # ..#..
#.#.#.. .#.#. #
...###+# ..
##.####......####..
......So.###......
∆ #..@..<.....#
#...........#
#...........#
#...........# ∆
#...........#
#...........#
#...........#
#...........#
#...........#


You could see an adder and an orc.

Vanquished Creatures
  Terence (D:2)
  An ooze (D:1)
  2 dart slugs
  A leopard gecko (D:1)
  4 bats
  A giant cockroach (D:1)
  4 goblins
  2 jackals (D:1)
  A quokka (D:2)
  A frilled lizard (D:1)
18 creatures vanquished.

Notes
Turn   | Place    | Note
-------+----------+-------------------------------------------
     0 | D:1      | tidbits the Gnoll Transmuter began the quest for the Orb.
     0 | D:1      | Reached XP level 1. HP: 17/17 MP: 6/6
    97 | D:1      | Reached XP level 2. HP: 23/23 MP: 5/7
   101 | D:1      | Learned a level 2 spell: Sticks to Snakes
   133 | D:2      | Noticed Terence
   144 | D:2      | Killed Terence
   144 | D:2      | Reached skill level 5 in Spellcasting
   144 | D:2      | Reached XP level 3. HP: 16/28 MP: 1/9
   150 | D:2      | Learned a level 3 spell: Spider Form
   165 | D:2      | Reached skill level 1 in Invocations
   375 | D:3      | Quit the game

Vault maps used:
D:1:      minmay_arrival_widening_spiral_wide
D:2:      lemuel_blue_sif_altar, uniq_sigmund, uniq_terence
D:3:      minmay_overflow_temple_star_hex, gup_sewer_entry_glass

Skill      XL: |  1  2  3 |
---------------+----------+-----
Spellcasting   | 5 |  5.0
Invocations    | 1 |  1.0
Fighting       | |  2.6
Short Blades   | |  0.9
Long Blades    | |  0.9
Axes           | |  0.9
Maces & Flails | |  0.9
Polearms       | |  0.9
Staves         | |  0.9
Slings         | |  0.9
Bows           | |  0.9
Crossbows      | |  0.9
Throwing       | |  0.9
Armour         | |  0.9
Dodging        | |  4.5
Stealth        | |  0.9
Shields        | |  0.9
Unarmed Combat | |  6.5
Conjurations   | |  0.6
Hexes          | |  0.6
Charms         | |  0.6
Summonings     | |  0.6
Necromancy     | |  0.6
Translocations | |  0.6
Transmutations | |  3.8
Fire Magic     | |  0.6
Ice Magic      | |  0.6
Air Magic      | |  0.6
Earth Magic    | |  0.6
Poison Magic   | |  0.6
Evocations     | |  0.9

Action                   || total
-------------------------++-------
Melee: Unarmed           ||    37
       Kick              ||     5
       Headbutt          ||     1
       Hand axe          ||     1
       Bite              ||     1
 Cast: Beastly Appendage ||     7
       Sticks to Snakes  ||     3
       Spider Form       ||     3
  Use: Scroll            ||     1
Armor: Robe              ||     7
       Skin              ||     1
Dodge: Dodged            ||    34

Table legend:
 A = Spawn XP
 B = Non-spawn XP
 C = Spawn XP percentage of total XP
 D = Spawn monster count
 E = Non-spawn monster count
 F = Spawn count percentage of total count
 G = Total turns spent on level
                    A         B        C        D         E        F      G
               +---------+---------+-------+---------+---------+-------+---------
         Total |       0 |      72 |   0.0 |       0 |      18 |   0.0 |   375
               +---------+---------+-------+---------+---------+-------+---------
           D:1 |       0 |      31 |   0.0 |       0 |      12 |   0.0 |   194
           D:2 |       0 |      41 |   0.0 |       0 |       6 |   0.0 |   165
               +---------+---------+-------+---------+---------+-------+---------

Table legend:
 A = Turns spent in this place as a percentage of turns spent in the entire game.
 B = Non-inter-level travel turns spent in this place as a percentage of non-inter-level travel turns spent in the entire game.
 C = Inter-level travel turns spent in this place as a percentage of turns spent in this place.
 D = Turns resting spent in this place as a percentage of non-inter-level travel turns spent in this place.
 E = Turns spent auto-exploring this place as a percentage of non-inter-level travel turns spent in this place.
 F = Non-inter-level travel turns spent in this place divided by the number of levels of this place that you've seen.
                   A       B       C       D       E      F
               +-------+-------+-------+-------+-------+----------------------
         Total | 100.0 | 100.0 |   0.0 |   0.0 |   0.0 | 125.0
       Dungeon | 100.0 | 100.0 |   0.0 |   0.0 |   0.0 | 125.0
               +-------+-------+-------+-------+-------+----------------------

Table legend:
 A = Kills in this place as a percentage of kills in entire the game.
 B = Kills by you in this place as a percentage of kills by you in the entire game.
 C = Kills by friends in this place as a percentage of kills by friends in the entire game.
 D = Other kills in this place as a percentage of other kills in the entire game.
 E = Experience gained in this place as a percentage of experience gained in the entire game.
 F = Experience gained in this place divided by the number of levels of this place that you have seen.
                   A       B       C       D       E      F
               +-------+-------+-------+-------+-------+----------------------
         Total | 100.0 | 100.0 |   N/A |   N/A | 100.0 |  24.0
       Dungeon | 100.0 | 100.0 |   N/A |   N/A | 100.0 |  24.0
               +-------+-------+-------+-------+-------+----------------------

Vault maps used:
D:1:      minmay_arrival_widening_spiral_wide
D:2:      lemuel_blue_sif_altar, uniq_sigmund, uniq_terence
D:3:      minmay_overflow_temple_star_hex, gup_sewer_entry_glass
